 Dungeon Crawl Stone Soup version 0.28-a0-863-g8cecda6153 (webtiles) character file.

Game seed: 6072927532470834701

231 siradein the Skirmisher (level 6, 0/56 HPs)
             Began as a Hill Orc Fighter on Nov 19, 2021.
             Slain by an orc (4 damage)
             ... on level 4 of the Dungeon.
             The game lasted 00:07:57 (2626 turns).

siradein the Skirmisher (Hill Orc Fighter)          Turns: 2626, Time: 00:07:58

Health: 0/56       AC: 12    Str: 20    XL:     6   Next: 3%
Magic:  6/6        EV:  6    Int:  8    God:
Gold:   100        SH:  5    Dex: 11    Spells: 5/5 levels left

rFire   + . .      SeeInvis .   a - +0 war axe
rCold   . . .      Faith    .   c - +0 buckler
rNeg    . . .      Spirit   .   l - +0 plate armour
rPois   .          Reflect  .   (no helmet)
rElec   .          Harm     .   (no cloak)
rCorr   .          Rampage  .   (no gloves)
Will    .....                   (no boots)
Stlth   ..........              (no amulet)
HPRegen 0.18/turn               i - ring of protection from fire
MPRegen 0.10/turn               (no ring)

@: mighty
A: no striking features
a: no special abilities


You were on level 4 of the Dungeon.
You visited 1 branch of the dungeon, and saw 4 of its levels.

You collected 100 gold pieces.

Inventory:

Hand Weapons
 a - a +0 war axe (weapon)
Missiles
 n - 43 stones (quivered)
 p - 2 throwing nets
Armour
 c - a +0 buckler (worn)
 l - a +0 plate armour (worn)
Jewellery
 i - a ring of protection from fire (left hand)
Scrolls
 b - a scroll of identify {unknown}
 f - a scroll of silence {unknown}
 j - 2 scrolls of enchant armour {unknown}
 o - a scroll of fog {unknown}
 q - a scroll of vulnerability {unknown}
 r - a scroll of noise {unknown}
Potions
 e - 2 potions of curing {unknown}
 g - a potion of haste {unknown}
 h - a potion of berserk rage {unknown}
 k - a potion of heal wounds {unknown}
 m - a potion of brilliance {unknown}


   Skills:
 + Level 5.0 Fighting
 + Level 4.6 Axes
 + Level 4.5 Armour
 + Level 4.5 Shields


You had 5 spell levels left.
You didn't know any spells.
Your spell library contained the following spells:

 Spells                   Type           Power      Damage    Failure   Level
 Scorch                   Fire           0%         2d5       100%        2
 Flame Wave               Conj/Fire      0%         3d3       100%        4
 Summon Cactus Giant      Summ           0%         N/A       100%        6


Dungeon Overview and Level Annotations

Branches:
Dungeon (4/15)
 Temple: D:4-7

Altars:
Wu Jian
Zin

Shops:
D:1 !

Annotations:
D:2 1 runed translucent door, Crazy Yiuf


Message History

The phantom is severely damaged.
The phantom barely misses you.
You barely miss the phantom.
The phantom is severely damaged.
The phantom hits you!
* * * LOW HITPOINT WARNING * * *
The phantom blinks!
You blink.
Found a stone staircase leading up.
The phantom hits you but does no damage.
You block the phantom's attack. The phantom hits you.
* * * LOW HITPOINT WARNING * * *
The phantom blinks!
You blink.
Your plate armour prevents you from hitting the phantom.
The phantom is severely damaged.
The phantom hits you.
* * * LOW HITPOINT WARNING * * *
The phantom blinks!
You blink.
You slash the phantom!
You destroy the phantom!
Your Fighting skill increases to level 5!
You have reached level 6!
Your experience leads to an increase in your attributes!
Increase (S)trength, (I)ntelligence, or (D)exterity?
You feel stronger.
An orc is nearby!
You barely miss the orc. The orc hits you but does no damage.
Your plate armour prevents you from hitting the orc.
The orc barely misses you.
You barely miss the orc. You block the orc's attack. x2
You closely miss the orc. The orc closely misses you.
You closely miss the orc.
You hear the slow hiss of a very distant avalanche of sand.
The orc hits you with a +0 short sword.
* * * LOW HITPOINT WARNING * * *
You barely miss the orc. The orc completely misses you.
The orc hits you but does no damage.
You closely miss the orc. You block the orc's attack.
You barely miss the orc. The orc hits you but does no damage.
You barely miss the orc. The orc hits you with a +0 short sword.
You die...

#....#.......#
#....†.......#
##########.......#
.................#
...............§.#
...............§.#
...............#
#............#
#..@o........#
#............#
#...<........#
#............#
..####.......# ...
######### ....
.....


You could see an orc.

Vanquished Creatures
  A black bear (D:4)
  A phantom (D:4)
  An adder (D:2)
  2 worms (D:2)
  3 dart slugs
  6 endoplasms
  4 giant cockroaches
  6 goblins
  2 hobgoblins (D:1)
  A kobold (D:1)
  4 quokkas
  5 ball pythons
  9 bats
  2 frilled lizards (D:1)
  5 rats
52 creatures vanquished.

Notes
Turn   | Place    | Note
-------+----------+-------------------------------------------
     0 | D:1      | siradein the Hill Orc Fighter began the quest for the Orb.
     0 | D:1      | Reached XP level 1. HP: 19/19 MP: 1/1
     0 | D:1      | Found Orru's Distillery.
   114 | D:1      | Reached XP level 2. HP: 20/27 MP: 2/2
   473 | D:1      | Found a faded altar of an unknown god.
   495 | D:1      | Reached skill level 4 in Fighting
   585 | D:1      | Reached XP level 3. HP: 27/33 MP: 3/3
  1188 | D:2      | Found a runed translucent door.
  1189 | D:2      | Noticed Crazy Yiuf
  1434 | D:2      | Reached XP level 4. HP: 35/40 MP: 4/4
  2082 | D:3      | Found a glowing silver altar of Zin.
  2250 | D:3      | Found an ornate altar of the Wu Jian Council.
  2586 | D:4      | Noticed a black bear
  2587 | D:4      | Noticed a phantom
  2601 | D:4      | Killed a black bear
  2602 | D:4      | Reached XP level 5. HP: 14/47 MP: 5/5
  2610 | D:4      | HP: 2/47 [phantom (3)]
  2612 | D:4      | Killed a phantom
  2613 | D:4      | Reached skill level 5 in Fighting
  2613 | D:4      | Reached XP level 6. HP: 2/56 MP: 6/6
  2626 | D:4      | Slain by an orc

Illustrated notes

Levels and vault maps discovered:
D:1:      dpeg_arrival_lava_altar, layout_basic, nicolae_ecumenical_lake_church,
          serial_shops, shop, roderic_lattice_a
D:2:      layout_basic, minmay_misc_feat_chi, uniq_crazy_yiuf_cottage
D:3:      layout_basic, nicolae_wu_jian_wuxing_cycle,
          mainiacjoe_overflow_boulevard, minmay_misc_feat_enclosed
D:4:      layout_gridville, minmay_temple_entry_grid,
          nicolae_ossuary_entry_giza, serial_shops, nicolae_shop_trees,
          uniq_sigmund

Skill      XL: |  1  2  3  4  5 |
---------------+----------------+-----
Axes           | 3 4 |  4.6
Fighting       | 4 5 |  5.0
Shields        | 4 |  4.5
Armour         | 4 |  4.5

Action                   |  1- 3 |  4- 6 || total
-------------------------+-------+-------++-------
Melee: War axe           |   106 |    75 ||   181
  Use: Potion            |       |     1 ||     1
Armor: Scale mail        |    31 |       ||    31
       Plate armour      |    62 |    58 ||   120
Dodge: Dodged            |    52 |    23 ||    75
Block: Buckler           |    28 |    21 ||    49

Table legend: (Time is in decaauts)
 A = Elapsed time spent in this place.
 B = Non-inter-level travel time spent in this place.
 C = Inter-level travel time spent in this place.
 D = Time resting spent in this place.
 E = Time spent auto-exploring this place.
 F = Levels seen in this place.
 G = Mean time per level.
                   A        B        C        D        E       F      G
               +--------+--------+--------+--------+--------+-----+--------+
         Total |   2686 |   2589 |     97 |      0 |   2128 |   4 |  671.5 |
       Dungeon |   2686 |   2589 |     97 |      0 |   2128 |   4 |  671.5 |
               +--------+--------+--------+--------+--------+-----+--------+

Top non-repeatable levels by time:
     D:1: 1108 daAuts
     D:2: 998 daAuts
     D:3: 524 daAuts
     D:4: 54 daAuts
